 Adventure DCSS version bcrawl-1.27.3 (webtiles) character file.

Game seed: 10884480808327651454

225469 galech the Shield-Bearer (level 5, 39/41 HPs)
             Began as a Demonspawn Fighter on Aug 3, 2020.
             Quit the game on level 2 of the Dungeon.
             The game lasted 00:01:58 (1252 turns).

galech the Shield-Bearer (Demonspawn Fighter)       Turns: 1252, Time: 00:01:58

Health: 39/41      AC:  8    Str: 16    XL:     5   Next: 17%
Magic:  14/14      EV:  5    Int: 10    God:
Gold:   70         SH:  9    Dex: 13    Spells: 4/4 levels left
                                        Lives:  2   Deaths: 0

rFire    + . .     SeeInvis .   a - +0 war axe
rCold    . . .     Gourm    .   c - +0 medium shield
rNeg     . . .     Faith    .   b - +0 scale mail
rPois    .         Spirit   .   (no helmet)
rElec    .         Reflect  .   (no cloak)
rCorr    .         Harm     .   (no gloves)
MR       .....                  (no boots)
Stlth    +.........             (no amulet)
HPRegen  0.13/turn              q - ring of magical power
MPRegen  0.14/turn              (no ring)

@: no status effects
A: icy blue scales 1, fire resistance 1, nightstalker 1
a: no special abilities


You were on level 2 of the Dungeon.
You were not hungry.

You visited 1 branch of the dungeon, and saw 2 of its levels.

You collected 70 gold pieces.

Inventory:

Hand Weapons
 a - a +0 war axe (weapon)
Armour
 b - a +0 scale mail (worn)
 c - a +0 medium shield (worn)
 r - a +0 helmet
Jewellery
 q - a ring of magical power (left hand)
Scrolls
 g - a scroll of identify
 h - a scroll of fog {unknown}
 i - a scroll of teleportation {unknown}
 j - a scroll of amnesia {unknown}
 k - a scroll of noise {unknown}
 m - a scroll of immolation {unknown}
 n - a scroll of enchant weapon {unknown}
 p - a scroll of remove curse {unknown}
Potions
 f - a potion of might
 l - a potion of curing {unknown}
 o - a potion of flight {unknown}
 s - a potion of cancellation {unknown}
Comestibles
 d - 10 chunks of flesh
 e - 2 rations {!d}


   Skills:
 + Level 3.3 Fighting
 + Level 3.3 Axes
 + Level 3.3 Armour
 + Level 1.0 Dodging
 + Level 3.5 Shields


You had 4 spell levels left.
You didn't know any spells.
Your spell library was empty.

Dungeon Overview and Level Annotations

Branches:
Dungeon (2/12)

Altars:


Innate Abilities, Weirdness & Mutations

You are partially covered in icy blue scales. (AC +2)
Your flesh is heat resistant. (rF+)
You are slightly more attuned to the shadows.


Message History

Sorry, you're not good enough to have a special ability.
r - a +0 helmet;
s - a fizzy silvery potion
Items here: ( )))))))) [ ††† Butcher a hobgoblin corpse? [(y)es/(n)o/(a)ll/(q)uit/?]
You butcher the hobgoblin corpse.
You butcher the hobgoblin corpse of Robin.
You butcher the hobgoblin corpse.
d - 13 chunks of flesh (gained 2);
d - 15 chunks of flesh (gained 2)
d - 17 chunks of flesh (gained 2)
Items here: ( )))))))) [ ÷÷÷
There are no items here.
Eating one of 17 chunks of flesh.
You eat one of the 17 chunks of flesh.
This raw flesh tastes terrible.
You are feeling hungry.
Eating one of 16 chunks of flesh.
You eat one of the 16 chunks of flesh.
This raw flesh tastes terrible.
Some of the chunks of flesh in your inventory have rotted away.
Items here: ( )))))))) [ ÷÷÷
Items here: ( )))) †† Are you sure you want to abandon this character and quit the game? (Confirm with "yes".)

#.# ##..# #.# #..# #..
#.# ##.# #.. #.# #.#
####.. #.# #># ......
..# #.# ...... #.#
......############## #.#
.......).@.........# #.#
.....#############.#.#.#
.... #.#.#.# ... #.#.#.#
.. #.#.#.# . #.#.#.#
###.#.#.### #..........
#.#...#.###


There were no monsters in sight!

Vanquished Creatures
  Jessica (D:2)
  Robin (D:2)
  7 oozes (D:1)
  3 worms
  5 dart slugs (D:1)
  3 leopard geckos
  An orc (D:2)
  3 giant cockroaches
  6 goblins
  13 hobgoblins
  6 jackals (D:1)
  7 kobolds
  4 bats (D:1)
  3 frilled lizards
  7 rats (D:1)
70 creatures vanquished.

Notes
Turn   | Place    | Note
-------+----------+-------------------------------------------
     0 | D:1      | galech the Demonspawn Fighter began the quest for the Orb.
     0 | D:1      | Reached XP level 1. HP: 18/18 MP: 1/1
     1 | D:1      | Found a runed door.
    35 | D:1      | Gained mutation: You are slightly more attuned to the
                  | shadows. [demonic ancestry]
    35 | D:1      | Reached XP level 2. HP: 11/24 MP: 2/2
   441 | D:1      | Gained mutation: Your flesh is heat resistant. (rF+)
                  | [demonic ancestry]
   441 | D:1      | Reached XP level 3. HP: 26/29 MP: 3/3
   818 | D:1      | Reached skill level 1 in Dodging
   823 | D:1      | Reached XP level 4. HP: 33/35 MP: 4/4
  1016 | D:2      | Noticed Jessica
  1020 | D:2      | Killed Jessica
  1164 | D:2      | Noticed Robin
  1174 | D:2      | Gained mutation: You are partially covered in icy blue
                  | scales. (AC +2) [demonic ancestry]
  1174 | D:2      | Reached XP level 5. HP: 34/41 MP: 5/5
  1191 | D:2      | Killed Robin
  1252 | D:2      | Quit the game

Skill      XL: |  1  2  3  4 |
---------------+-------------+-----
Axes           | 2 3 |  3.3
Shields        | 3 |  3.5
Armour         | 3 |  3.3
Dodging        | 1 |  1.0
Fighting       | |  3.3

Action                   |  1- 3 |  4- 6 || total
-------------------------+-------+-------++-------
Melee: War axe           |   103 |    90 ||   193
  Use: Potion            |     1 |       ||     1
  Eat: Chunk             |     3 |     6 ||     9
Armor: Scale mail        |    68 |    35 ||   103
Dodge: Dodged            |    28 |    20 ||    48
Block: Medium shield     |    73 |    32 ||   105
